Map: Galactic Process LE

Players

Initiative

  • Race: Terran Terran
  • League: Master

RunaMoK (Losira) - Winner!

  • Race: Terran Terran
  • League: Grandmaster

VOD

Have the link to the VOD?

Description

Time

  • Played on: Aug. 28, 2016, 4:37 a.m.
  • Length: 16:27
Show
View Real Time Build Order
Export as new Build Order

Initiative Terran 

Build Orders: Reaper Expand, Mech 

Get SALT Encoding   

  12  0:01  SCV  
  13  0:13  SCV  
  14  0:17  Supply Depot  
  14  0:25  SCV  
  15  0:39  SCV  
  15  0:40  Barracks  
  16  0:47  Refinery  
  16  0:51  SCV  
  17  1:03  SCV  
  18  1:15  SCV  
  19  1:30  Orbital Command  
  19  1:31  Reaper  
  20  1:45  Command Center  
  20  1:56  Supply Depot  
  20  1:57  SCV  
  21  2:07  Reaper  
  22  2:09  SCV  
  23  2:21  SCV  
  23  2:33  SCV  
  23  2:35  Command Center  
  24  2:39  Reaper  
  25  2:45  SCV  
  26  2:56  Factory  
  26  2:57  SCV  
  27  3:02  Orbital Command  
  27  3:09  SCV  
  28  3:13  Barracks Reactor  
  28  3:21  Refinery  
  28  3:22  SCV  
  29  3:32  SCV  
  29  3:34  SCV  
  29  3:44  Factory Tech Lab  
  29  3:46  SCV  
  29  3:48  Orbital Command  
  31  3:50  Marine x2  
  30  4:04  Siege Tank  
  30  4:07  Marine x2  
  30  4:08  SCV, Orbital Command  
  30  4:09  SCV  
  37  4:19  Engineering Bay  
  37  4:21  SCV  
  37  4:22  SCV  
  37  4:23  Starport  
  39  4:25  Marine x2  
  41  4:33  SCV  
  41  4:34  SCV  
  41  4:35  Widow Mine  
  41  4:36  SCV  
  46  4:43  Marine  
  46  4:45  SCV  
  48  4:46  SCV  
  48  4:48  SCV, Missile Turret x2  
  48  4:50  Missile Turret  
  48  4:51  Marine  
  50  5:01  Marine  
  50  5:02  Viking  
  50  5:03  Hi-Sec Auto Tracking  
  50  5:05  SCV x2  
  55  5:09  SCV  
  55  5:17  SCV, Marine  
  55  5:18  SCV  
  55  5:19  Marine  
  58  5:21  SCV  
  59  5:29  SCV  
  59  5:30  SCV  
  61  5:37  SCV  
  61  5:38  Supply Depot  
  61  5:41  SCV  
  64  5:43  SCV  
  64  5:49  SCV  
  65  5:53  SCV  
  65  5:54  Supply Depot  
  65  5:55  Supply Depot, Refinery  
  65  5:57  SCV, Refinery  
  65  6:01  SCV  
  66  6:07  SCV  
  66  6:09  SCV  
  65  6:13  SCV  
  66  6:19  SCV, Siege Tank  
  66  6:21  SCV  
  66  6:24  Factory  
  66  6:25  SCV, Factory  
  72  6:31  SCV  
  73  6:33  SCV, Viking x2  
  73  6:36  Refinery  
  73  6:37  SCV, Refinery  
  79  6:41  Missile Turret  
  79  6:43  SCV  
  79  6:45  SCV  
  81  6:49  SCV  
  81  6:51  Cyclone  
  86  6:55  Armory, SCV  
  86  6:57  SCV  
  88  7:01  SCV  
  88  7:03  Command Center  
  88  7:07  Viking  
  88  7:08  SCV, Factory Tech Lab, Factory Reactor  
  92  7:10  SCV  
  92  7:15  SCV  
  92  7:20  SCV  
  93  7:25  SCV  
  93  7:36  Supply Depot x4  
  93  7:41  Armory  
  93  7:42  SCV, Factory  
  93  7:44  Factory  
  93  7:55  Supply Depot  
  93  7:57  Viking x2  
  93  7:58  SCV x2, Sensor Tower, Hellbat x2, Siege Tank x2  
  109  8:11  Sensor Tower  
  106  8:21  Hellion x2  
  106  8:22  Terran Vehicle Weapons Level 1  
  106  8:23  Supply Depot  
  106  8:24  Infernal Pre-Igniter  
  106  8:25  SCV  
  106  8:26  SCV x2  
  113  8:27  Missile Turret  
  113  8:29  Factory Tech Lab  
  113  8:30  Siege Tank  
  114  8:38  SCV  
  114  8:41  Factory Tech Lab, Siege Tank  
  116  8:53  Planetary Fortress  
  115  8:55  SCV  
  115  8:58  Viking x2  
  115  8:59  Hellion  
  115  9:02  SCV, Siege Tank  
  125  9:06  SCV  
  125  9:07  SCV  
  127  9:13  Hellion x2  
  127  9:17  Siege Tank x2  
  127  9:18  SCV, Hellion x2  
  127  9:20  Supply Depot  
  138  9:25  Missile Turret  
  138  9:26  SCV  
  138  9:29  SCV  
  138  9:30  SCV  
  141  9:36  Terran Vehicle And Ship Armor Level 1  
  141  9:38  SCV  
  142  9:40  Viking x2  
  142  9:41  SCV  
  142  9:43  SCV, Siege Tank  
  142  9:44  Hellion  
  151  9:56  Hellion x6  
  147  10:02  Command Center  
  147  10:08  Command Center  
  147  10:10  SCV x3, Siege Tank x2  
  156  10:22  SCV  
  157  10:42  Starport, Terran Vehicle Weapons Level 2  
  157  10:54  Missile Turret  
  157  11:02  Supply Depot  
  157  11:03  Supply Depot x2  
  157  11:04  Supply Depot  
  157  11:05  Supply Depot  
  157  11:13  SCV x3, Hellion, Viking x2, Siege Tank x2  
  157  11:18  Siege Tank  
  171  11:20  Hellbat, Siege Tank  
  173  11:25  SCV  
  170  11:34  Hellion  
  147  11:41  Hellbat  
  147  11:43  Viking  
  147  11:45  Siege Tank x2  
  145  11:50  SCV x3, Siege Tank  
  145  11:52  Siege Tank  
  144  11:59  Planetary Fortress  
  144  12:02  SCV  
  144  12:03  Hellbat x2  
  144  12:07  SCV x2  
  151  12:14  SCV  
  152  12:18  Terran Vehicle And Ship Armor Level 2, Hellbat x2  
  152  12:19  SCV x2  
  152  12:22  Hellbat  
  160  12:23  Planetary Fortress  
  160  12:26  SCV  
  160  12:27  Starport Reactor  
  157  12:31  SCV x2  
  157  12:34  Hellbat  
  157  12:35  Hellbat x2  
  165  12:42  Viking, Siege Tank x2  
  165  12:43  SCV  
  170  12:48  SCV  
  170  12:49  SCV, Missile Turret x2  
  172  12:53  Viking  
  172  12:55  SCV  
  175  12:59  Refinery  
  175  13:00  SCV, Refinery  
  175  13:01  Refinery x2  
  176  13:09  Hellbat x2  
  180  13:15  Sensor Tower  
  180  13:16  SCV  
  181  13:21  SCV  
  181  13:22  Orbital Command  
  181  13:24  Siege Tank  
  181  13:27  Siege Tank x2  
  191  13:29  SCV  
  191  13:34  Hellbat x2  
  196  13:36  Viking x2  
  200  13:58  Missile Turret x3  
  200  14:02  Missile Turret  
  197  14:12  Starport x3  
  191  14:17  Siege Tank  
  191  14:21  Command Center  
  174  14:47  Siege Tank x3  
  174  14:48  Viking x2  
  181  14:57  Siege Tank  
  166  15:02  Viking x2  
  166  15:03  SCV  
  164  15:19  Hellbat, Siege Tank x2  
  164  15:20  Siege Tank  
  163  15:21  Hellbat, Viking  
  163  15:22  Viking  
  163  15:24  Viking  
  146  15:29  Siege Tank  
  146  15:30  Missile Turret  
  146  15:31  Missile Turret  
  143  15:37  Planetary Fortress  
  143  15:39  SCV, Missile Turret  
  143  15:41  Hellbat  
  146  15:43  Hellbat  
  146  15:44  Viking  
  150  15:51  Siege Tank x2  
  150  15:52  Hellbat  
  150  15:55  Missile Turret  
  158  16:01  Hellbat  
  164  16:12  Missile Turret  
Show
View Real Time Build Order
Export as new Build Order

RunaMoK Terran - Winner!

Build Orders: Reaper Expand, Bio Tank 

Get SALT Encoding   

  12  0:00  SCV  
  13  0:12  SCV  
  14  0:17  Supply Depot  
  14  0:24  SCV  
  15  0:31  Refinery  
  15  0:38  SCV  
  16  0:44  Barracks  
  16  0:50  SCV  
  17  1:02  SCV  
  18  1:15  SCV  
  19  1:32  Reaper, Orbital Command  
  20  1:43  Command Center  
  20  1:53  Factory  
  20  1:57  SCV  
  21  2:07  Supply Depot  
  21  2:08  Reaper  
  21  2:11  SCV  
  23  2:17  Refinery  
  23  2:29  SCV  
  24  2:38  Hellion  
  24  2:41  SCV  
  27  2:45  Starport  
  27  2:53  Barracks Tech Lab  
  27  2:54  SCV  
  27  2:56  Orbital Command  
  28  3:02  Hellion  
  30  3:07  SCV  
  31  3:19  SCV  
  32  3:30  SCV  
  32  3:33  Barracks Reactor  
  33  3:38  Banshee  
  33  3:40  SCV  
  37  3:46  Factory Tech Lab  
  37  3:47  SCV  
  38  3:52  Command Center  
  38  4:06  SCV x2  
  38  4:08  Supply Depot  
  40  4:10  Marine x2  
  40  4:13  Cyclone  
  40  4:15  Supply Depot  
  46  4:17  Refinery  
  46  4:18  Refinery  
  46  4:30  SCV x2, Marine x2  
  53  4:37  Supply Depot  
  53  4:38  Raven  
  52  4:42  SCV x2  
  54  4:46  Siege Tank  
  54  4:47  Marine x2  
  59  4:54  SCV x2  
  61  5:06  SCV x2, Orbital Command  
  63  5:08  Engineering Bay  
  63  5:10  Engineering Bay  
  63  5:16  Marine x2  
  63  5:18  SCV x2  
  67  5:24  Siege Tank  
  70  5:34  SCV  
  71  5:37  Terran Infantry Weapons Level 1, Terran Infantry Armor Level 1  
  71  5:40  Barracks  
  71  5:41  SCV x2  
  71  5:42  Barracks  
  73  5:46  Supply Depot  
  70  5:58  Marine  
  70  5:59  Siege Tank  
  74  6:10  Viking x2  
  72  6:11  Stimpack  
  72  6:12  SCV x2  
  72  6:13  SCV  
  72  6:15  Marine  
  76  6:19  Barracks  
  76  6:20  Barracks  
  76  6:24  SCV  
  77  6:30  Barracks Reactor x2  
  77  6:36  Siege Tank  
  77  6:37  SCV x3  
  83  6:41  Supply Depot x2  
  82  6:47  Viking x2  
  82  6:49  SCV x2  
  82  6:52  SCV  
  88  6:56  Marine  
  88  7:01  Armory, SCV x2  
  90  7:04  SCV  
  90  7:06  Supply Depot  
  90  7:08  Barracks Reactor x2  
  91  7:09  Supply Depot  
  91  7:10  Marine x4  
  91  7:13  SCV x2, Supply Depot  
  91  7:14  Marine  
  98  7:23  Medivac x2, Siege Tank  
  98  7:28  Marine x4  
  98  7:29  SCV x3  
  112  7:31  Marine  
  112  7:36  Sensor Tower  
  113  7:37  Missile Turret  
  113  7:40  Missile Turret  
  112  7:45  Marine  
  112  7:46  Marine x2  
  112  7:48  Marine x2  
  112  7:49  Marine  
  112  7:51  Terran Infantry Weapons Level 2, Terran Infantry Armor Level 2  
  118  7:54  Refinery  
  118  7:55  SCV x2  
  118  7:57  Refinery  
  118  7:58  Supply Depot x2  
  120  8:06  Marine x4  
  120  8:09  Marine x4  
  120  8:12  Combat Shields  
  127  8:13  Marine  
  127  8:15  SCV  
  128  8:20  Terran Vehicle Weapons Level 1  
  128  8:21  Factory  
  128  8:24  Marine x2  
  130  8:29  Marine x4  
  130  8:30  Marine x2  
  130  8:31  Siege Tank  
  139  8:41  Marine  
  140  8:42  Marine x2  
  142  8:55  Marine x6  
  140  9:00  Medivac, Command Center  
  140  9:01  Medivac, Marine x2  
  149  9:03  Supply Depot  
  149  9:05  Supply Depot  
  149  9:06  Supply Depot  
  149  9:09  Marine  
  150  9:13  Marine  
  151  9:19  Marine x7  
  151  9:20  Siege Tank  
  151  9:21  Factory Tech Lab  
  151  9:23  Supply Depot  
  161  9:26  Supply Depot  
  161  9:31  Barracks  
  161  9:34  Barracks  
  161  9:45  Marine x4  
  156  9:46  Marine x5, Supply Depot  
  156  9:52  Siege Tank  
  152  9:54  Medivac  
  151  10:03  Marine x7  
  156  10:08  Marine x2  
  158  10:21  Marine x3  
  159  10:22  Marine x4  
  159  10:23  Siege Tank  
  159  10:26  Marine  
  169  10:29  Sensor Tower  
  169  10:38  Marine  
  169  10:39  Marine x3  
  169  10:42  Siege Tank  
  176  10:43  Viking x2  
  176  10:44  Planetary Fortress  
  176  10:48  Starport  
  180  10:50  Barracks Reactor  
  180  10:51  Barracks Tech Lab  
  179  11:13  Medivac x2, Terran Infantry Weapons Level 3  
  183  11:22  Marine x4  
  183  11:23  Marine x2  
  188  11:26  Command Center  
  145  11:42  Marine x2  
  145  11:43  Marine  
  145  11:44  Marine x5, Marauder  
  141  11:48  Siege Tank x2  
  141  11:49  Viking x2  
  141  11:50  Starport Tech Lab  
  141  11:53  Starport, Terran Ship Weapons Level 1  
  144  12:00  Marine x2  
  145  12:01  Marine  
  145  12:02  Marine x3  
  145  12:05  Refinery  
  149  12:10  Refinery  
  149  12:14  Marine x2, Marauder  
  153  12:18  Marine x2  
  153  12:19  Marine x2  
  153  12:20  Marine  
  157  12:23  Viking x3  
  163  12:35  Marauder  
  163  12:47  Starport Reactor, Starport Tech Lab  
  163  12:50  Orbital Command  
  163  12:52  Refinery  
  163  12:55  Viking x3  
  163  12:58  Marine x2, Marauder, Fusion Core  
  172  12:59  Marine  
  174  13:09  Liberator x3  
  174  13:11  Refinery  
  174  13:25  Viking  
  184  13:28  Corvid Reactor  
  184  13:29  Raven  
  186  13:39  SCV  
  187  13:52  Siege Tank x2  
  187  13:53  Building Armor  
  187  13:55  Liberator x2  
  188  14:08  Terran Ship Weapons Level 2  
  188  14:12  Armory  
  188  14:15  Starport  
  196  14:20  Liberator  
  196  14:21  Liberator  
  199  14:43  Orbital Command  
  192  14:47  Advanced Ballistics, Liberator  
  140  15:00  Liberator  
  140  15:02  Viking x2  
  140  15:03  Liberator x2  
  138  15:07  Marine x3  
  138  15:08  Siege Tank x2  
  147  15:15  Liberator  
  147  15:16  Marine x4, Marauder  
  157  15:23  Liberator  
  157  15:25  SCV  
  157  15:26  SCV x2  
  146  15:33  Command Center  
  148  15:41  Marine x3  
  154  16:06  Marine x2  
Tags
 
Add a new tag
Caveats
  • Supply blocks, unpowered buildings, or Contaminate may cause inaccurate times.
  • Supply counts are checked every 10 seconds.